 Dungeon Crawl Stone Soup version 0.19-a0-736-g3ff4acb (webtiles) character file.

61519 ryw the Black Belt (level 14, -2/110 HPs)
             Began as a Demonspawn Monk on June 22, 2016.
             Was the Champion of Hepliaklqana.
             Slain by a soul eater (13 damage)
             ... on level 1 of the Abyss.
             The game lasted 01:19:34 (28108 turns).

ryw the Black Belt (Demonspawn Monk)               Turns: 28108, Time: 01:19:34

Health: -2/110     AC: 22    Str: 15    XL:     14   Next: 60%
Magic:  0/12       EV: 12    Int: 17    God:    Hepliaklqana [******]
Gold:   1759       SH:  7    Dex: 15    Spells: 0 memorised, 13 levels left

rFire  + + .     SeeInvis .       - Unarmed
rCold  x . .     Gourm    .     V - +0 fire dragon armour
rNeg   . . .     Faith    .     m - +0 shield
rPois  +         Spirit   +     (helmet restricted)
rElec  .         Dismiss  .     n - +0 cloak
rCorr  .         Reflect  .     (no gloves)
SustAt .         Harm     .     M - +2 pair of boots
MR     +....                    x - amulet of guardian spirit
Stlth  ..........               E - +3 ring of intelligence
                                i - ring of poison resistance

@: sanguine armour, studying Fire Magic, drained, somewhat resistant to hostile
enchantments, extremely unstealthy
A: claws 1, horns 2, blurry vision 1, low mp 1, powered by pain 1, spiny 2,
sanguine armour 1
a: Recall Ancestor, Ancestor Identity, Transference, Idealise, Renounce Religion


You were on level 1 of the Abyss.
You worshipped Hepliaklqana.
Hepliaklqana was exalted by your worship.
You were very hungry.

You visited 4 branches of the dungeon, and saw 22 of its levels.
You visited the Abyss 1 time.

You collected 1852 gold pieces.
You spent 93 gold pieces at shops.

Inventory:

Missiles
 h - 13 tomahawks (quivered)
Armour
 m - a +0 shield (worn)
 n - a +0 cloak (worn)
 H - the +3 scale mail of the Hot Ocelot {rPois Dex+3}
   (You took it off a kobold on level 11 of the Dungeon)

   It affects your dexterity (+3).
   It protects you from poison.
 M - a +2 pair of boots (worn)
 R - a +2 robe of magic resistance
 V - a +0 fire dragon armour (worn)
Magical Staves
 C - an uncursed staff of poison {unknown}
 X - an uncursed staff of earth {unknown}
Rods
 S - a +4 rod of clouds (12/12)
   (You found it on level 5 of the Lair of Beasts)
Jewellery
 i - a ring of poison resistance (left claw)
 o - an uncursed amulet of rage
 x - an amulet of guardian spirit (around neck)
 E - a +3 ring of intelligence (right claw)
Wands
 e - a wand of lightning (3/15)
 k - a wand of enslavement (7/24)
 t - a wand of confusion (14/48)
 v - a wand of disintegration (23/24)
 y - a wand of enslavement (7/24)
 G - a wand of lightning (4/15)
 I - a wand of iceblast (5/15)
 J - a wand of acid (5/15)
 K - a wand of lightning (6/15)
 L - a wand of iceblast (8/15)
Scrolls
 c - 8 scrolls of remove curse
 g - 15 scrolls of identify
 j - a scroll of blinking
 s - 2 scrolls of recharging
 u - 3 scrolls of fog
 N - 2 scrolls of amnesia
 W - a scroll of enchant weapon {unknown}
Potions
 d - a potion of might
 f - a potion of curing
 q - 3 potions of lignification
 r - a potion of berserk rage
 z - 4 potions of mutation
 D - a potion of magic
 O - a potion of ambrosia {unknown}
 T - a potion of haste {unknown}
 Y - 2 potions of cure mutation {unknown}
Books
 a - a manual of Fire Magic
 B - an Akashic Record

   Spells                             Type                      Level
   a - Dispersal                      Translocation                6
   b - Malign Gateway                 Summoning/Translocation      7
   c - Disjunction                    Translocation                8
   d - Controlled Blink               Translocation                8
 P - a book of Battle

   Spells                             Type                      Level
   a - Infusion                       Charms                       1
   b - Shroud of Golubria             Charms/Translocation         2
   c - Song of Slaying                Charms                       2
   d - Spectral Weapon                Hexes/Charms                 3
   e - Regeneration                   Charms/Necromancy            3
 Z - a book of Misfortune

   Spells                             Type                      Level
   a - Confusing Touch                Hexes                        2
   b - Confuse                        Hexes                        3
   c - Gell's Gravitas                Hexes/Translocation          3
   d - Petrify                        Transmutation/Earth          4
   e - Metabolic Englaciation         Hexes/Ice                    5
   f - Yara's Violent Unravelling     Hexes/Transmutation          5
Miscellaneous
 U - a phantom mirror
Comestibles
 b - 4 bread rations
 l - 47 fruits
 p - 11 meat rations
 A - 2 beef jerkies
 F - 3 slices of pizza


   Skills:
 - Level 10.1(9.6) Fighting
 + Level 9.2(8.8) Armour
 - Level 10.6(10.1) Dodging
 - Level 1.7(1.4) Stealth
 * Level 17.0(16.5) Unarmed Combat


You had 13 spell levels left.
You didn't know any spells.

Dungeon Overview and Level Annotations

Branches:
Dungeon (13/15)            Temple (0/1) D:7            Lair (6/6) D:8
  Swamp (0/4) Lair:4       Spider (1/4) Lair:4        Slime (0/5) Lair:6
    Orc (2/2) D:9
    Elf: Orc:2       Vaults: D:13-14

Altars:
Elyvilon
Hepliaklqana
Makhleb
Ru
Sif Muna
Uskayaw
Vehumet
Yredelemnul
Beogh
Jiyva

Shops:
D:4 !   D:5 ***%?

Portals:
Hell: Lair:6

Annotations:
Lair:2 exclusion: ice statue


Innate Abilities, Weirdness & Mutations

You have a pair of horns on your head.
You sometimes gain a little power by taking damage.
You are mostly covered in sharp spines.
When seriously injured, your bleeding wounds create armour. (AC +6)
You have sharp fingernails.
Scrolls take you a little longer to read.
Your magical capacity is low. (-10% MP)


Message History

Aahotepre gestures at the smoke demon while chanting.
The smoke demon resists with almost no effort.
You feel better. The soul eater hits you!
* * * LOW HITPOINT WARNING * * *
The smoke demon hits Aahotepre. x2
The smoke demon closely misses Aahotepre.
Aahotepre points at the smoke demon and mumbles some strange words.
The smoke demon resists with almost no effort.
A large abomination comes into view.
You claw the soul eater!
You headbutt the soul eater, but do no damage.
The soul eater is severely wounded.
The soul eater draws from the surrounding life force!
* * * LOW HITPOINT WARNING * * *
The soul eater is healed.
The smoke demon barely misses Aahotepre. x2
The smoke demon hits Aahotepre but does no damage.
Aahotepre barely misses the smoke demon.
You feel better. The soul eater hits you!
You die...

... .#...........
......#....#......
.
.X................
.. .$......._...
.[.§ ...
#.............. #
...##§§§.......#..
# #......§........
....
.....§...........
.. .....3R.@3#
#..##....
.....###########
..( . .


You could see the friendly Aahotepre the hexer (invisible), a soul eater, a
large abomination and a smoke demon.

Vanquished Creatures
  An orc warlord (D:9)
  A fire dragon (Lair:5)
  5 hydras
  Harold (Lair:1)
  A catoblepas (Lair:6)
  The ghost of Rohain the Grappler, a novice TrMo of the Shining One (D:8)
  Nergalle (Lair:3)
  A sun demon (Lair:6)
  A hill giant (D:12)
  Pikel (D:7)
  A wizard (Lair:6)
  4 deep elf magi
  A wolf spider (Lair:1)
  2 orc sorcerers (Orc:1)
  A griffon (D:11)
  A sixfirhy (Lair:5)
  A cyclops (D:12)
  14 elephants
  3 black mambas
  3 orange demons (Lair:6)
  7 spiny frogs
  A rime drake (Lair:1)
  7 komodo dragons
  4 ice devils
  A hellwing (Lair:5)
  2 trolls (D:9)
  A red devil (Lair:6)
  20 blink frogs
  3 two-headed ogres (D:11)
  4 polar bears
  A boulder beetle (Lair:4)
  A wyvern (D:9)
  A wraith (D:10)
  2 basilisks
  22 yaks
  8 hippogriffs
  Grum (D:11)
  2 hungry ghosts
  A small abomination (Abyss:1)
  2 vampire mosquitoes (D:12)
  5 swamp worms (Lair:4)
  A soldier ant (D:12)
  2 hell hounds (D:8)
  2 porcupines (Lair:1)
  11 water moccasins
  9 ice beasts
  2 black bears
  7 orc warriors
  A sky beast (D:9)
  2 phantoms
  2 wasps
  2 necrophages
  9 ogres
  34 wolves
  10 centaurs
  16 crocodiles
  4 big kobolds
  12 giant frogs
  5 scorpions
  A hexer (Lair:6)
  16 killer bees
  9 wights
  A howler monkey (D:5)
  3 electric eels
  4 crimson imps
  A giant frog zombie (D:10)
  4 jellies
  A quasit (D:8)
  3 hounds
  3 centaur zombies
  4 orc priests
  9 iguanas
  2 giant frog skeletons
  Terence (D:3)
  10 orc wizards
  A worker ant (D:6)
  2 killer bee zombies (D:7)
  11 sheep (Lair:6)
  A hound zombie (D:5)
  2 hound skeletons
  Robin (D:3)
  8 gnolls
  2 howler monkey skeletons
  19 adders
  56 river rats
  2 shadow imps
  3 white imps (Lair:2)
  3 adder skeletons
  3 adder zombies
  A worm (D:2)
  4 dart slugs
  12 giant geckos
  38 orcs
  5 bats
  2 giant cockroaches
  11 hobgoblins
  4 quokkas
  4 ball pythons
  10 goblins
  A jackal skeleton (D:6)
  33 kobolds
  2 quokka zombies (D:7)
  5 rats
  A spectral orc (D:6)
591 creatures vanquished.

Vanquished Creatures (collateral kills)
  A hydra (Lair:6)
  An unseen horror (D:10)
  A wolf spider (Lair:1)
  A griffon (Lair:5)
  An elephant (Lair:4)
  2 black mambas
  A spiny frog (Lair:3)
  An ice devil (Lair:4)
  2 komodo dragons
  4 rime drakes
  A red devil (Lair:6)
  4 blink frogs
  3 yaks
  3 basilisks
  3 hippogriffs
  2 hungry ghosts
  A chaos spawn (Abyss:1)
  Duvessa (D:4)
  A water moccasin (Lair:1)
  2 porcupines
  2 sky beasts
  An orc warrior (Orc:1)
  3 ice beasts (Lair:2)
  An ogre (D:12)
  A centaur (D:8)
  2 crocodiles
  2 giant frogs
  The ghost of Spurious the Ruffian, an amateur VSMo (D:4)
  A gnoll sergeant (D:7)
  2 scorpions (D:4)
  Dowan (D:4)
  2 orc wizards
  A giant frog skeleton (D:7)
  An iguana (D:5)
  4 sheep (Lair:6)
  3 adders
  9 river rats
  An adder skeleton (D:3)
  6 orcs
  A goblin (D:4)
  A giant newt (D:3)
  3 kobolds
85 creatures vanquished.

Vanquished Creatures (others)
  A slave (D:7)
  An orc priest (D:7)
  An orc wizard (D:7)
  22 hexers
  2 orcs (D:7)
  A quokka (D:6)
  18 fungi
  5 plants
51 creatures vanquished.

Grand Total: 727 creatures vanquished

Notes
Turn   | Place    | Note
--------------------------------------------------------------
     0 | D:1      | ryw the Demonspawn Monk began the quest for the Orb.
     0 | D:1      | Reached XP level 1. HP: 18/18 MP: 1/1
    50 | D:1      | Reached skill level 3 in Unarmed Combat
   320 | D:1      | Gained mutation: When seriously injured, your bleeding wounds create armour. (AC +6) [demonic ancestry]
   320 | D:1      | Reached XP level 2. HP: 24/24 MP: 2/2
  1129 | D:2      | Reached XP level 3. HP: 26/29 MP: 3/3
  1822 | D:3      | Reached skill level 4 in Unarmed Combat
  1939 | D:3      | Noticed Terence
  2205 | D:3      | Found a hazy altar of Hepliaklqana.
  2213 | D:3      | Became a worshipper of Hepliaklqana
  2213 | D:3      | Reached * piety under Hepliaklqana
  2213 | D:3      | Reached ** piety under Hepliaklqana
  2214 | D:3      | Remembered your ancestor Aahotepre as a hexer
  2605 | D:3      | Found a faded altar of an unknown god.
  2627 | D:3      | Reached XP level 4. HP: 35/35 MP: 4/4
  2814 | D:3      | Noticed a hungry ghost
  2846 | D:3      | Killed a hungry ghost
  2846 | D:3      | Reached skill level 6 in Unarmed Combat
  2846 | D:3      | Gained mutation: You are partially covered in sharp spines. [demonic ancestry]
  2846 | D:3      | Reached XP level 5. HP: 41/41 MP: 5/5
  2987 | D:4      | Noticed Robin
  3055 | D:4      | Noticed Spurious's ghost (amateur VSMo)
  3352 | D:4      | Noticed Duvessa
  3361 | D:4      | Gained mutation: You sometimes gain a little power by taking damage. [demonic ancestry]
  3361 | D:4      | Reached XP level 6. HP: 47/47 MP: 6/6
  3445 | D:4      | Found Gudgh's Distillery.
  3536 | D:3      | Killed Robin
  3740 | D:3      | Killed Terence
  3911 | D:4      | Killed Spurious's ghost
  3934 | D:4      | Reached skill level 7 in Unarmed Combat
  4315 | D:4      | Found a hide-covered altar of Uskayaw.
  4490 | D:4      | Reached XP level 7. HP: 52/52 MP: 7/7
  4613 | D:4      | Noticed Dowan
  4624 | D:4      | Killed Dowan
  4638 | D:4      | Killed Duvessa
  4764 | D:4      | Found a deep blue altar of Sif Muna.
  5017 | D:5      | Entered Level 5 of the Dungeon
  5024 | D:5      | Found Mereq's Merry Market.
  5156 | D:5      | Reached skill level 8 in Unarmed Combat
  5544 | D:5      | Gained mutation: You have a pair of small horns on your head. [demonic ancestry]
  5544 | D:5      | Reached XP level 8. HP: 57/60 MP: 6/8
  5549 | D:5      | Reached *** piety under Hepliaklqana
  5679 | D:5      | Found Wosmej's Food Shoppe.
  5897 | D:5      | Found Kamaf's Magic Scroll Shoppe.
  6078 | D:5      | Reached skill level 9 in Unarmed Combat
  6228 | D:5      | Reached skill level 5 in Fighting
  6305 | D:5      | Found Juhy's Assorted Antiques.
  6313 | D:5      | Bought a scroll labeled BIEGGEOCZUC for 31 gold pieces
  6313 | D:5      | Bought a scroll labeled EKEGIM BITONOL for 31 gold pieces
  6313 | D:5      | Bought a scroll labeled EKEGIM BITONOL for 31 gold pieces
  6414 | D:5      | Found Jefui's General Store.
  6745 | D:6      | Found a white marble altar of Elyvilon.
  6857 | D:6      | Found a basalt altar of Yredelemnul.
  6985 | D:6      | Reached XP level 9. HP: 53/68 MP: 6/9
  7215 | D:7      | Reached skill level 5 in Dodging
  7341 | D:7      | Noticed Pikel
  7391 | D:7      | Killed Pikel
  7391 | D:7      | Reached skill level 10 in Unarmed Combat
  7460 | D:7      | Got a fine war axe {holy}
  7530 | D:7      | Identified the +6 war axe of Tihed {holy, rElec rF+} (You took it off a gnoll on level 7 of the Dungeon)
  7951 | D:7      | Found a staircase to the Ecumenical Temple.
  8889 | D:8      | Reached **** piety under Hepliaklqana
  8976 | D:8      | Reached XP level 10. HP: 57/79 MP: 7/10
  9247 | D:8      | Noticed Rohain's ghost (novice TrMo)
  9335 | D:8      | Killed Rohain's ghost
  9628 | D:8      | Found a staircase to the Lair.
  9649 | Lair:1   | Entered Level 1 of the Lair of Beasts
 10535 | Lair:1   | Noticed a wolf spider
 10544 | Lair:1   | Noticed a wolf spider
 10550 | Lair:1   | Killed a wolf spider
 10557 | Lair:1   | Killed a wolf spider
 10557 | Lair:1   | Reached XP level 11. HP: 6/90 MP: 1/11
 11096 | Lair:1   | Noticed Harold
 11126 | Lair:1   | Killed Harold
 11126 | Lair:1   | Reached skill level 10 in Fighting
 11447 | Lair:2   | Noticed a five-headed hydra
 11461 | Lair:2   | Killed a five-headed hydra
 11590 | Lair:2   | Reached skill level 11 in Unarmed Combat
 12254 | Lair:2   | Reached skill level 10 in Dodging
 12922 | Lair:2   | Reached skill level 12 in Unarmed Combat
 13432 | Lair:2   | Gained mutation: You have a pair of horns on your head. [demonic ancestry]
 13432 | Lair:2   | Reached XP level 12. HP: 81/97 MP: 9/12
 14073 | Lair:3   | Reached ***** piety under Hepliaklqana
 14153 | Lair:3   | Reached skill level 1 in Armour
 14619 | Lair:3   | Noticed Nergalle
 14631 | Lair:3   | Killed Nergalle
 14912 | Lair:4   | Found a staircase to the Swamp.
 15015 | Lair:4   | Found a hole to the Spider Nest.
 15087 | Lair:4   | Reached skill level 13 in Unarmed Combat
 16782 | Lair:4   | Reached skill level 14 in Unarmed Combat
 17258 | Lair:5   | Reached skill level 5 in Armour
 17406 | Lair:5   | Noticed a fire dragon
 17435 | Lair:5   | Killed a fire dragon
 17435 | Lair:5   | Reached XP level 13. HP: 77/103 MP: 11/13
 17469 | Lair:5   | Identified a +4 rod of clouds (12/12) (You found it on level 5 of the Lair of Beasts)
 18589 | Lair:6   | Entered Level 6 of the Lair of Beasts
 18900 | Lair:6   | Reached skill level 15 in Unarmed Combat
 19319 | Spider:1 | Entered Level 1 of the Spider Nest
 20228 | Lair:6   | Found a staircase to the Slime Pits.
 20228 | Lair:6   | Found a viscous altar of Jiyva.
 20884 | Lair:6   | Found a burning altar of Makhleb.
 21651 | Lair:6   | Gained mutation: You have sharp fingernails. [potion of mutation]
 21651 | Lair:6   | Gained mutation: Your magical capacity is low. (-10% MP) [potion of mutation]
 21651 | Lair:6   | Gained mutation: Scrolls take you a little longer to read. [potion of mutation]
 22113 | Lair:6   | Gained mutation: You are mostly covered in sharp spines. [demonic ancestry]
 22113 | Lair:6   | Reached XP level 14. HP: 110/110 MP: 12/12
 22262 | Lair:6   | Found a gateway to Hell.
 22377 | Lair:6   | Reached skill level 16 in Unarmed Combat
 22642 | D:8      | Found a radiant altar of Vehumet.
 22643 | D:8      | Found a sacrificial altar of Ru.
 23027 | D:8      | Upgraded the game from 0.19-a0-726-g4af737f to 0.19-a0-736-g3ff4acb
 23064 | D:9      | Found a staircase to the Orcish Mines.
 23162 | D:9      | Reached ****** piety under Hepliaklqana
 23775 | D:10     | Entered Level 10 of the Dungeon
 24730 | D:11     | Noticed Grum
 25165 | D:11     | Killed Grum
 25712 | D:11     | Got a faintly glowing scale mail
 25715 | D:11     | Identified the +3 scale mail of the Hot Ocelot {rPois Dex+3} (You took it off a kobold on level 11 of the Dungeon)
 26853 | Orc:1    | Entered Level 1 of the Orcish Mines
 27141 | Orc:1    | Found a roughly hewn altar of Beogh.
 27292 | Orc:1    | Noticed an orc warlord
 27584 | D:9      | Killed an orc warlord
 27950 | Orc:1    | Noticed an orc warlord
 27956 | Orc:1    | Reached skill level 17 in Unarmed Combat
 27962 | Orc:1    | Paralysed by an orc sorcerer for 3 turns
 27966 | Orc:2    | Entered Level 2 of the Orcish Mines
 27976 | Orc:1    | HP: 3/110 [orc knight/broad axe of distortion (11)]
 27976 | Orc:1    | Cast into level 1 of the Abyss (orc knight)
 27976 | Abyss:1  | Found a corrupted altar of Lugonu.
 28103 | Abyss:1  | HP: 4/110 [soul eater (9)]
 28103 | Abyss:1  | HP: 1/110 [soul eater (3)]
 28108 | Abyss:1  | Slain by a soul eater

Vault maps used:
D:1:      eino_arrival_cavern_b
D:2:      first_bread
D:3:      overflow_temple_1_default, ecumenical_altar_1, uniq_terence
D:4:      kennysheep_kobold_camp, kennysheep_mini, lemuel_round_altar,
          serial_shops, shop, uniq_robin, uniq_duvessa
D:5:      kennysheep_spiral_hall, serial_shops, shop_statue, shop, shop, shop,
          gup_sewer_entry_bowl, nicolae_alphabet_shops
D:6:      elyvilon_altar_4, yredelemnul_forgotten_temple_becter
D:7:      grunt_ministairs_4, uniq_pikel
D:8:      nicolae_overflow_hidden_temple, minmay_lair_entry_lava
D:9:      david_orc_2
D:11:     wad_cavern_with_rooms, uniq_grum
D:13:     david_vaults_1, special_room
Lair:1:   minmay_lair_venomous_thicket, uniq_harold
Lair:2:   ice2_lemuel
Lair:3:   nicolae_quartered_pool_super, st_stairs_8,
          grunt_forest_large_clearings, infiniplex_staircase_pool, uniq_nergalle
Lair:4:   nicolae_swamp_entry_splash_gauntlet, spider_nest_entry_web_field,
          portal_ice_cave_demonic_guard
Lair:5:   dragon1_lemuel, grunt_megastairs_2
Lair:6:   evil_forest, slime_altar_1, grunt_forest_small_clearings,
          serial_bayou_shore_a
Spider:1: uniq_asterion
Orc:1:    basic_altar, elf_legates
Orc:2:    st_orc_mages, basic_altar

Skill      XL: |  1  2  3  4  5  6  7  8  9 10 11 12 13 14 |
---------------+-------------------------------------------+-----
Unarmed Combat | 3 4 6 7 8 9 10 12 14 15 17 | 17.0
Dodging        | 3 4 6 9 10 | 10.6
Fighting       | 4 5 7 9 10 | 10.1
Armour         | 5 7 9 |  9.2
Stealth        | |  1.7

Action                   |  1- 3 |  4- 6 |  7- 9 | 10-12 | 13-15 || total
-------------------------+-------+-------+-------+-------+-------++-------
Melee: Unarmed           |   132 |    92 |   266 |   760 |   783 ||  2033
       Punch             |       |       |    12 |    48 |    59 ||   119
       Headbutt          |       |       |    41 |   162 |   183 ||   386
Throw: Tomahawk          |     2 |     3 |       |       |     2 ||     7
       Stone             |       |       |       |       |     6 ||     6
Invok: Ancestor Life: He |     1 |       |       |       |       ||     1
       Recall Ancestor   |       |     3 |     2 |     6 |     5 ||    16
Evoke: Wand              |       |       |       |     8 |       ||     8
       Rod               |       |       |       |       |     5 ||     5
  Use: Scroll            |       |       |     9 |     1 |    15 ||    25
       Potion            |       |       |     1 |     2 |    20 ||    23
 Stab: Sleeping          |     4 |     2 |     6 |     3 |       ||    15
       Confused          |     1 |       |    10 |    12 |    12 ||    35
       Distracted        |       |     2 |     2 |    21 |     3 ||    28
  Eat: Chunk             |     5 |     3 |    16 |    27 |    29 ||    80
       Beef jerky        |       |     1 |       |       |     1 ||     2
       Fruit             |       |       |     2 |       |     7 ||     9
       Pizza             |       |       |       |     1 |       ||     1
Armor: Robe              |    16 |    14 |    23 |    23 |       ||    76
       Scale mail        |       |       |       |   111 |       ||   111
       Fire dragon armou |       |       |       |       |   267 ||   267
       Skin              |       |       |       |       |    28 ||    28
Dodge: Dodged            |    89 |    59 |   144 |   452 |   489 ||  1233
Block: Shield            |       |       |       |       |    17 ||    17
